 Dungeon Crawl Stone Soup version 0.28.0 (webtiles) character file.

Game seed: 15600400114813530299

2905 browni3141 the Cleaver (level 9, -2/111 (127) HPs)
             Began as a Minotaur Berserker on Feb 16, 2022.
             Was an Elder of Trog.
             Slain by a wight (6 damage)
             ... on level 4 of the Dungeon.
             The game lasted 00:03:00 (4943 turns).

browni3141 the Cleaver (Minotaur Berserker)         Turns: 4943, Time: 00:03:00

HP:   -2/111 (127)  AC:  7    Str: 25    XL:     9   Next: 49%
MP:   8/8           EV: 12    Int:  4    God:    Trog [****..]
Gold: 302           SH:  0    Dex: 11    Spells: 8/8 levels left

rFire   . . .      SeeInvis .   s - +0 battleaxe
rCold   . . .      Faith    .   (shield currently unavailable)
rNeg    . . .      Spirit   .   m - +0 troll leather armour {Pargi}
rPois   .          Reflect  .   (helmet restricted)
rElec   .          Harm     .   r - +0 cloak
rCorr   .          Rampage  .   (no gloves)
Will    .....                   (no boots)
Stlth   ..........              (no amulet)
HPRegen 1.08/turn               (no ring)
MPRegen 0.11/turn               (no ring)

@: berserking, heavily drained, very quick
A: horns 2, retaliatory headbutt
a: Renounce Religion, Berserk, Trog's Hand, Brothers in Arms


You were on level 4 of the Dungeon.
You worshipped Trog.
Trog was greatly pleased with you.
You visited 1 branch of the dungeon, and saw 7 of its levels.

You collected 302 gold pieces.

Inventory:

Hand Weapons
 a - a +0 hand axe
 g - a +0 war axe
 s - a +0 battleaxe (weapon)
Armour
 b - a +0 animal skin
 m - a +0 troll leather armour (worn) {Pargi}
 r - a +0 cloak (worn)
Wands
 p - a wand of mindburst (18)
 t - a wand of polymorph (6)
 w - a wand of iceblast (2)
 y - a wand of flame (45)
Scrolls
 c - a scroll of enchant weapon {unknown}
 e - 8 scrolls of identify {unknown}
 f - 3 scrolls of immolation {unknown}
 h - 2 scrolls of enchant armour {unknown}
 i - a scroll of silence {unknown}
 o - a scroll of amnesia {unknown}
 q - 4 scrolls of teleportation {unknown}
 u - a scroll of noise {unknown}
 x - 3 scrolls of fear {unknown}
 C - a scroll of fog {unknown}
 D - 2 scrolls of vulnerability {unknown}
Potions
 d - 2 potions of flight {unknown}
 j - a potion of degeneration {unknown}
 k - 2 potions of attraction {unknown}
 l - a potion of haste {unknown}
 n - 4 potions of curing
 v - 2 potions of ambrosia {unknown}
 z - a potion of heal wounds {unknown}
 A - a potion of might {unknown}
 B - 2 potions of mutation {unknown}


   Skills:
 + Level 9.8 Fighting
 + Level 9.9 Axes
 + Level 9.4 Armour
 - Level 2.1 Dodging


You had 8 spell levels left.
You didn't know any spells.
Your spell library was empty.

Dungeon Overview and Level Annotations

Branches:
Dungeon (7/15)             Temple (0/1) D:6

Altars:
Elyvilon
Qazlal
Uskayaw
Zin

Shops:
D:6 *


Innate Abilities, Weirdness & Mutations

You have a pair of horns on your head.
You reflexively headbutt those who attack you in melee.


Message History

* * * LOW HITPOINT WARNING * * *
You are too injured to fight recklessly!
There are monsters nearby!
You are too injured to fight recklessly!
There are monsters nearby!
The wight hits you but does no damage. The wight hits you with a +0 halberd.
* * * LOW HITPOINT WARNING * * *
You feel drained. The wight hits you with a +3 trident.
* * * LOW HITPOINT WARNING * * *
You feel drained.
* * * LOW HITPOINT WARNING * * *
Unknown command.
A red film seems to cover your vision as you go berserk!
You feel yourself moving faster!
You feel mighty! The wight misses you. You furiously retaliate!
You headbutt the wight. The wight hits you with a +0 spear.
* * * LOW HITPOINT WARNING * * *
You feel drained. The wight hits you with a +3 trident!
* * * LOW HITPOINT WARNING * * *
You feel drained.
* * * LOW HITPOINT WARNING * * *
You are too injured to fight recklessly!
You are too injured to fight recklessly!
You slash the wight!
The wight is severely damaged.
You slice the wight!!
You destroy the wight!
Trog accepts your kill.
You closely miss the wight. The wight barely misses you.
The wight hits you but does no damage.
You are too injured to fight recklessly!
You are too injured to fight recklessly!
You are too injured to fight recklessly!
You hit the wight.
The wight is severely damaged.
You slash the wight!
You destroy the wight!
Trog accepts your kill. The wight hits you with a +0 spear.
You die...

#....#.....###############.######
.....#.....# ###†.###
..########## #.....)# ..#
########### #......# ..#
..........# #......# ###
..........#####......#
..........'..........#
......z)..#####......#
......)@).# #......#
......).....# #......#
............# #......## #####
###+#.......# #.......## ....#
.........# #.......## ....+
....####### ###.###+## ....# ....
#......# ....# ..... #......#
....####### #....†.†


You could see a wight.

Vanquished Creatures
  Maggie (D:7)
  The ghost of BigDaddyOpFi the Chopper, an amateur HOMo of Beogh (D:5)
  The ghost of Bearnado the Poker, an amateur MiBe of Trog (D:3)
  The ghost of Selrock the Covert, an amateur KoBr of Dithmenos (D:5)
  A steam dragon (D:7)
  Pargi (D:3)
  2 necrophages (D:6)
  2 sky beasts
  4 ogres
  A bullfrog (D:6)
  2 scorpions
  A water moccasin zombie (D:5)
  A wyvern skeleton (D:6)
  A water moccasin skeleton (D:6)
  4 wights (D:4)
  3 bullfrog zombies
  A centaur zombie (D:5)
  An orc priest (D:6)
  3 bullfrog skeletons
  Crazy Yiuf (D:3)
  A hound (D:5)
  Ijyb (D:4)
  4 orc wizards
  2 iguanas (D:5)
  A gnoll (D:1)
  5 adders
  A white imp (D:6)
  3 dart slugs
  12 orcs
  12 ball pythons
  10 endoplasms
  2 giant cockroaches
  5 goblins
  7 hobgoblins
  12 kobolds
  5 quokkas
  6 bats
  3 frilled lizards
  5 rats
130 creatures vanquished.

Vanquished Creatures (others)
  6 withered plants (D:5)
6 creatures vanquished.

Grand Total: 136 creatures vanquished

Notes
Turn   | Place    | Note
-------+----------+-------------------------------------------
     0 | D:1      | browni3141 the Minotaur Berserker began the quest for the
                  | Orb.
     0 | D:1      | Reached XP level 1. HP: 19/19 MP: 0/0
   297 | D:1      | Reached XP level 2. HP: 27/27 MP: 1/1
   698 | D:1      | Reached XP level 3. HP: 32/33 MP: 2/2
   699 | D:1      | Found a faded altar of an unknown god.
  1180 | D:2      | Reached ** piety under Trog
  1913 | D:3      | Found a transporter.
  1914 | D:3      | Noticed Bearnado's ghost (amateur MiBe)
  1914 | D:3      | Noticed Pargi
  1915 | D:3      | Noticed an ogre
  1921 | D:3      | Killed Pargi
  1922 | D:3      | Reached skill level 5 in Fighting
  1922 | D:3      | Reached skill level 5 in Axes
  1922 | D:3      | Reached XP level 4. HP: 36/42 MP: 3/3
  1922 | D:3      | Reached XP level 5. HP: 41/48 MP: 4/4
  2042 | D:3      | Found a transporter.
  2234 | D:3      | Found a hide-covered altar of Uskayaw.
  2292 | D:3      | Found a runed translucent door.
  2293 | D:3      | Noticed Crazy Yiuf
  2391 | D:3      | Identified the +12 mace "Juolir" {vamp, Will+ MP+9 Str+3}
  2559 | D:3      | Killed Crazy Yiuf
  2560 | D:3      | Reached XP level 6. HP: 49/56 MP: 5/5
  2667 | D:3      | Reached skill level 5 in Armour
  2671 | D:3      | Killed Bearnado's ghost
  2672 | D:3      | Reached XP level 7. HP: 64/64 MP: 6/6
  2725 | D:4      | Noticed Ijyb
  2766 | D:4      | Killed Ijyb
  2901 | D:4      | You fall into a shaft and drop 3 floors!
  2901 | D:7      | Noticed a steam dragon
  2907 | D:7      | Killed a steam dragon
  3210 | D:7      | Noticed Maggie
  3218 | D:7      | Killed Maggie
  3219 | D:7      | Reached XP level 8. HP: 74/74 MP: 7/7
  3305 | D:6      | Found a white marble altar of Elyvilon.
  3309 | D:6      | Reached *** piety under Trog
  3376 | D:6      | Found Zin's Purification Station.
  3389 | D:6      | Found a staircase to the Ecumenical Temple.
  3396 | D:6      | Found a glowing silver altar of Zin.
  3480 | D:6      | Found a stormy altar of Qazlal.
  3778 | D:5      | Entered Level 5 of the Dungeon
  3820 | D:5      | Reached XP level 9. HP: 82/82 MP: 8/8
  4448 | D:5      | Found a runed translucent gate.
  4450 | D:5      | Noticed BigDaddyOpFi's ghost (amateur HOMo)
  4451 | D:5      | Found a runed translucent gate.
  4451 | D:5      | Found a runed translucent gate.
  4451 | D:5      | Noticed Selrock's ghost (amateur KoBr)
  4564 | D:5      | Killed BigDaddyOpFi's ghost
  4569 | D:5      | Killed Selrock's ghost
  4906 | D:4      | Reached **** piety under Trog
  4941 | D:4      | HP: 5/112 [wight (7)]
  4941 | D:4      | HP: 2/109 [wight (3)]
  4943 | D:4      | Slain by a wight

Illustrated notes

Levels and vault maps discovered:
D:1:      minmay_arrival_loop, layout_loops_ring,
          ebering_ecumenical_altar_petrified
D:2:      layout_rooms, minmay_between
D:3:      layout_basic, nicolae_overflow_crystal_walls, gammafunk_ghost_smash,
          minmay_randomly_rotated_circles, uniq_crazy_yiuf_cottage, uniq_pargi
D:4:      layout_basic, vehumet_crystals, uniq_ijyb
D:5:      layout_basic, gammafunk_ghost_cemetery, minmay_misc_feat_more_columns,
          kennysheep_dice
D:6:      layout_cave_pools, elyvilon_altar_4, grunt_qazlal_sundering,
          zin_purify, minmay_temple_entry_trees
D:7:      layout_loops_corners, nzn_overflow_gifts_of_might_and_magic,
          uniq_maggie

Skill      XL: |  1  2  3  4  5  6  7  8  9 |
---------------+----------------------------+-----
Fighting       | 4 5 6 7 8 9 |  9.8
Axes           | 4 5 6 7 8 9 |  9.9
Armour         | 3 4 5 7 8 9 |  9.4
Dodging        | |  2.1

Action                   |  1- 3 |  4- 6 |  7- 9 || total
-------------------------+-------+-------+-------++-------
Melee: Hand axe          |    19 |       |       ||    19
       War axe           |    69 |    43 |       ||   112
       Headbutt          |    15 |     9 |    18 ||    42
       Punch             |     1 |     1 |       ||     2
       Battleaxe         |       |     5 |   130 ||   135
       Unarmed           |       |       |    33 ||    33
Invok: Berserk           |     1 |     2 |     6 ||     9
 Stab: Sleeping          |     2 |       |       ||     2
Armor: Animal skin       |    14 |       |       ||    14
       Troll leather arm |       |    16 |    59 ||    75
Dodge: Dodged            |    73 |    26 |   114 ||   213
